 Dungeon Crawl Stone Soup version 0.27.1-2-g3b301248ec (webtiles) character file.

Game seed: 5573826379454809597

927 bnorton916 the Conjurer (level 7, -11/36 HPs)
             Began as a Deep Elf Conjurer on Oct 4, 2021.
             Was a Follower of Cheibriados.
             Mangled by an orc warrior (15 damage)
             ... on level 5 of the Dungeon.
             The game lasted 00:07:48 (5869 turns).

bnorton916 the Conjurer (Deep Elf Conjurer)         Turns: 5869, Time: 00:07:48

Health: -11/36     AC:  4    Str:  6    XL:     7   Next: 85%
Magic:  18/18      EV: 27    Int: 27    God:    Cheibriados [*.....]
Gold:   292        SH:  0    Dex: 15    Spells: 4/18 levels left

rFire    . . .     SeeInvis .   (no weapon)
rCold    . . .     Faith    .   (no shield)
rNeg     + . .     Spirit   .   a - +0 robe
rPois    .         Reflect  .   (no helmet)
rElec    .         Harm     .   e - +0 cloak
rCorr    .         Rampage  .   (no gloves)
Will     .....                  b - +0 pair of boots
Stlth    ++........             q - amulet of the acrobat
HPRegen  0.12/turn              r - ring of positive energy
MPRegen  0.16/turn              (no ring)

@: acrobatic, very slow
A: no striking features
a: Renounce Religion, Bend Time


You were on level 5 of the Dungeon.
You worshipped Cheibriados.
Cheibriados was aware of your devotion.
You visited 1 branch of the dungeon, and saw 5 of its levels.

You collected 292 gold pieces.

Inventory:

Armour
 a - a +0 robe (worn)
 b - a +0 pair of boots (worn)
 e - a +0 cloak (worn)
 u - a +1 leather armour of cold resistance
 v - a +0 leather armour of cold resistance
Magical Staves
 i - a staff of death
Jewellery
 l - a ring of fire
 q - an amulet of the acrobat (around neck)
 r - a ring of positive energy (left hand)
Wands
 p - a wand of paralysis (9)
 t - a wand of flame (8)
Scrolls
 c - 2 scrolls of identify
 d - 4 scrolls of enchant weapon
 f - a scroll of immolation
 h - a scroll of silence {unknown}
 k - 2 scrolls of magic mapping
 m - 3 scrolls of enchant armour {unknown}
 n - a scroll of noise {unknown}
Potions
 g - a potion of magic
 j - 2 potions of heal wounds {unknown}
 o - a potion of brilliance {unknown}
 s - a potion of mutation {unknown}


   Skills:
 + Level 1.7 Armour
 - Level 2.4 Dodging
 - Level 2.4 Stealth
 - Level 6.1 Spellcasting
 - Level 6.3 Conjurations
 + Level 5.3 Hexes
 + Level 4.4 Translocations
 + Level 1.5 Ice Magic


You had 4 spell levels left.
You knew the following spells:

 Your Spells              Type           Power      Damage    Failure   Level
a - Magic Dart            Conj           100%       1d8       1%          1
b - Searing Ray           Conj           84%        3d6       1%          2
c - Fulminant Prism       Conj/Hex       20%        3d13      6%          4
d - Iskenderun's Mystic   Conj/Tloc      37%        2d9       7%          4
e - Frozen Ramparts       Ice            32%        1d5       10%         3

Your spell library contained the following spells:

 Spells                   Type           Power      Damage    Failure   Level
 Slow                     Hex            37%        N/A       1%          2
 Confusing Touch          Hex            37%        N/A       1%          3
 Dazzling Flash           Conj/Hex       80%        N/A       1%          3
 Freeze                   Ice            64%        1d8       3%          1
 Hailstorm                Conj/Ice       29%        3d8       13%         4
 Vampiric Draining        Necr           4%         2d6       19%         3
 Freezing Cloud           Conj/Ice/Air   11%        6-21      52%         5
 Simulacrum               Ice/Necr       6%         N/A       100%        6
 Polar Vortex             Ice            8%         N/A       100%        9


Dungeon Overview and Level Annotations

Branches:
Dungeon (5/15)
 Temple: D:4-7

Altars:
Cheibriados
Gozag
Vehumet
Xom


Message History

Press: ? - help, Shift-Dir - straight line, f/p - orc warrior
Aim: an orc warrior, wielding a +0 trident and wearing a +0 plate armour (lightly wounded, 82% to hit)
The searing ray hits the orc warrior but does no damage.
The orc warrior is lightly wounded. (Press . to maintain the ray.)
The orc warrior hits you from afar with a +0 trident!
The searing ray hits the orc warrior.
The orc warrior is moderately wounded.
The orc warrior closely misses you.
The searing ray hits the orc warrior.
The orc warrior is moderately wounded.
The orc warrior hits you from afar with a +0 trident!!
Ouch! That really hurt!
* * * LOW HITPOINT WARNING * * *
Your magical contamination has completely faded away.
Okay, then.
Casting: Searing Ray (safe; 1% risk of failure)
Confirm with . or Enter, or press ? or * to list all spells.
The spell is quite dangerous to cast (7% risk of failure)!
Continue anyway?
You erupt in a blast of force!
The mystic blast hits the orc warrior!
The orc warrior is severely wounded.
The orc warrior is knocked back by the mystic blast.
Unknown command.
As you read the scroll labelled BISCHA CEUCASE, it crumbles to dust.
It is a scroll of identify.
d - 4 scrolls of enchant weapon
As you read the scroll labelled WUOSMEPEAN, it crumbles to dust.
The creatures around you are filled with an inner flame!
It was a scroll of immolation.
The orc warrior hits you but does no damage.
As you read the scroll labelled LODGHO OC DOEKEFYCK, it crumbles to dust.
You feel aware of your surroundings.
It was a scroll of magic mapping.
The orc warrior hits you from afar with a +0 trident.
* * * LOW HITPOINT WARNING * * *
Unknown command.
The orc warrior completely misses you.
It was a potion of magic.
Magic courses through your body.
The orc warrior hits you but does no damage.
The orc warrior hits you from afar with a +0 trident!
You die...

*** *,* *,*
***********,############
,,,,,,,,,,,,#...@.o....#
***********,#.########.#
*,#.# #.######## ****,#.#
#o.......### *,,,,#.######
#..##.##.... *,***#......#
#.........>. *,* #......#
#....##..... *,*
#......###.###.#.....
*,####...>........o##,....


You could see an orc warrior (inner flame).

Vanquished Creatures
  An ice beast (D:3)
  A black bear (D:5)
  An ogre (D:4)
  2 scorpions
  A water moccasin skeleton (D:5)
  A hound (D:3)
  A jelly (D:5)
  A bullfrog skeleton (D:5)
  Jessica (D:2)
  Ijyb (D:4)
  An orc wizard (D:3)
  7 gnolls
  11 adders
  A howler monkey skeleton (D:4)
  A shadow imp (D:5)
  A white imp (D:5)
  2 ufetubi (D:5)
  2 adder skeletons (D:4)
  2 worms (D:2)
  4 dart slugs
  7 orcs
  7 bats
  7 endoplasms
  4 giant cockroaches
  3 goblins (D:4)
  5 hobgoblins
  8 jackals
  8 kobolds
  2 quokkas
  6 ball pythons
  12 frilled lizards
  6 rats
118 creatures vanquished.

Vanquished Creatures (others)
  A fulminant prism (D:5)
1 creature vanquished.

Grand Total: 119 creatures vanquished

Notes
Turn   | Place    | Note
-------+----------+-------------------------------------------
     0 | D:1      | bnorton916 the Deep Elf Conjurer began the quest for the
                  | Orb.
     0 | D:1      | Reached XP level 1. HP: 10/10 MP: 6/6
   144 | D:1      | Found a faded altar of an unknown god.
   381 | D:1      | Reached XP level 2. HP: 14/15 MP: 4/8
   385 | D:1      | Learned a level 2 spell: Searing Ray
  1209 | D:1      | Reached skill level 5 in Conjurations
  1209 | D:1      | Reached XP level 3. HP: 19/19 MP: 7/10
  1996 | D:2      | Reached XP level 4. HP: 24/24 MP: 9/12
  2001 | D:2      | Learned a level 4 spell: Fulminant Prism
  2006 | D:2      | Learned a level 4 spell: Iskenderun's Mystic Blast
  2220 | D:2      | Noticed Jessica
  2223 | D:2      | Killed Jessica
  2224 | D:2      | Reached skill level 5 in Spellcasting
  2490 | D:3      | Reached XP level 5. HP: 22/28 MP: 8/14
  3175 | D:3      | Noticed an ice beast
  3182 | D:3      | Killed an ice beast
  3183 | D:3      | Reached skill level 1 in Translocations
  3183 | D:3      | Reached XP level 6. HP: 32/32 MP: 6/17
  4388 | D:4      | Found a snail-covered altar of Cheibriados.
  4395 | D:4      | Found a radiant altar of Vehumet.
  4410 | D:4      | Became a worshipper of Cheibriados the Contemplative
  4560 | D:4      | Reached XP level 7. HP: 28/36 MP: 10/18
  4752 | D:4      | Noticed Ijyb
  4758 | D:4      | Killed Ijyb
  4898 | D:5      | Entered Level 5 of the Dungeon
  4942 | D:5      | Found an opulent altar of Gozag.
  4942 | D:5      | Found a shimmering altar of Xom.
  5364 | D:5      | Reached skill level 1 in Armour
  5457 | D:5      | Learned a level 3 spell: Frozen Ramparts
  5511 | D:5      | Reached * piety under Cheibriados
  5513 | D:5      | Reached skill level 5 in Hexes
  5513 | D:5      | Reached skill level 1 in Ice Magic
  5869 | D:5      | Mangled by an orc warrior

Illustrated notes

Levels and vault maps discovered:
D:1:      nzn_arrival_settlement, layout_basic,
          shapermc_ecumenical_altar_pompeii, chequers_serial_rivers_marsh,
          kennysheep_flooded_box
D:2:      layout_basic, minmay_lizard_pond, uniq_jessica
D:3:      minmay_general_purpose_star, layout_basic
D:4:      layout_basic, amethyst_overflow_temple_binary, corexii_checkpoint_b,
          eino_curves_02, kennysheep_generic_room_6, uniq_ijyb
D:5:      layout_basic, jmf_multi_god_temple, minmay_manual_maat

Skill      XL: |  1  2  3  4  5  6  7 |
---------------+----------------------+-----
Spellcasting   | 4 5 6 |  6.1
Conjurations   | 5 6 |  6.3
Hexes          | 2 4 5 |  5.3
Translocations | 1 3 4 |  4.4
Armour         | 1 |  1.7
Ice Magic      | 1 |  1.5
Dodging        | |  2.4
Stealth        | |  2.4

Action                   |  1- 3 |  4- 6 |  7- 9 || total
-------------------------+-------+-------+-------++-------
Melee: Unarmed           |     4 |       |       ||     4
 Cast: Magic Dart        |    89 |    98 |    52 ||   239
       Searing Ray       |     1 |    13 |     5 ||    19
       Iskenderun's Myst |       |       |     1 ||     1
       Fulminant Prism   |       |       |     1 ||     1
  Use: Scroll            |       |       |     3 ||     3
       Potion            |       |       |     1 ||     1
Armor: Robe              |     5 |     2 |     4 ||    11
Dodge: Dodged            |     6 |    10 |    19 ||    35
